 Dungeon Crawl Stone Soup version 0.29-a0-275-g389c0b56f3 (webtiles) character file.

Game seed: 12292854744209416163

457 sammy202020 the Ruffian (level 6, -1/61 HPs)
             Began as a Troll Fighter on Mar 13, 2022.
             Succumbed to Dowan's poison
             ... on level 4 of the Dungeon.
             The game lasted 00:08:19 (3340 turns).

sammy202020 the Ruffian (Troll Fighter)             Turns: 3340, Time: 00:08:19

Health: -1/61      AC:  4    Str: 25    XL:     6   Next: 77%
Magic:  5/5        EV:  9    Int:  6    God:
Gold:   247        SH:  7    Dex:  9    Spells: 5/5 levels left

rFire   . . .      SeeInvis .     - Unarmed
rCold   . . .      Faith    .   b - +0 kite shield
rNeg    . . .      Spirit   .   a - +0 robe
rPois   .          Reflect  .   (helmet restricted)
rElec   .          Harm     .   (no cloak)
rCorr   .          Rampage  .   (gloves unavailable)
Will    .....                   (boots unavailable)
Stlth   +.........              (no amulet)
HPRegen 1.00/turn               (no ring)
MPRegen 0.09/turn               (no ring)

@: lethally poisoned (-1 -> -17), hasted, very quick
A: large, unfitting armour, claws 3, regeneration 1, shaggy fur 1, tough skin 1
a: no special abilities


You were on level 4 of the Dungeon.
You visited 1 branch of the dungeon, and saw 4 of its levels.

You collected 247 gold pieces.

Inventory:

Hand Weapons
 e - a +1 mace of protection
Armour
 a - a +0 robe (worn)
 b - a +0 kite shield (worn)
Scrolls
 d - 3 scrolls of identify {unknown}
 j - a scroll of enchant armour {unknown}
 k - a scroll of amnesia
 l - a scroll of teleportation {unknown}
Potions
 c - a potion of haste
 f - a potion of degeneration {unknown}
 g - a potion of brilliance {unknown}
 h - 2 potions of curing {unknown}
 i - 2 potions of heal wounds {unknown}
 m - a potion of flight {unknown}


   Skills:
 * Level 3.6 Fighting
 + Level 1.9 Maces & Flails
 * Level 3.6 Dodging
 * Level 3.7 Shields
 * Level 3.8 Unarmed Combat


You had 5 spell levels left.
You didn't know any spells.
Your spell library contained the following spells:

 Spells                   Type           Power      Damage    Failure   Level
 Animate Skeleton         Necr           0%         N/A       75%         1
 Pain                     Necr           0%         1d4       75%         1
 Sublimation of Blood     Necr           0%         N/A       87%         2
 Wereblood                Tmut           0%         N/A       87%         2
 Dazzling Flash           Conj/Hex       0%         N/A       98%         3
 Inner Flame              Hex/Fire       0%         N/A       98%         3
 Ozocubu's Armour         Ice            0%         N/A       98%         3
 Vampiric Draining        Necr           0%         2d6       98%         3
 Fulminant Prism          Conj/Hex       0%         3d6       100%        4
 Summon Hydra             Summ           0%         N/A       100%        7


Dungeon Overview and Level Annotations

Branches:
Dungeon (4/15)
 Temple: D:4-7

Altars:
Vehumet


Innate Abilities, Weirdness & Mutations

You are too large for most types of armour.
You have claws for hands.
Your natural rate of healing is unusually fast.
You are covered in fur. (AC +1)
You have tough skin. (AC +1)


Message History

You claw the hobgoblin!
You kill the hobgoblin!
You feel sick.
You feel sick.
A kobold comes into view. It is wielding a +0 club.
Dowan hits you with a +2 dagger of venom.
You are more poisoned.
Items here: ) [ ††.
The kobold shouts!
You scratch Dowan but do no damage.
Dowan is moderately wounded.
You feel very sick.
Dowan hits you with a +2 dagger of venom!
You are more poisoned.
Dowan says, "Her death will not be in vain!"
You block Dowan's attack.
You miss Dowan.
Dowan is moderately wounded.
You feel very sick. Dowan gestures at you while chanting.
The stone arrow hits you!
* * * LOW HITPOINT WARNING * * *
You claw Dowan!
Dowan is almost dead.
You feel sick.
Dowan hits you with a +2 dagger of venom.
* * * LOW HITPOINT WARNING * * *
Dowan hits you with a +2 dagger of venom.
* * * LOW HITPOINT WARNING * * *
You are lethally poisoned!
It was a potion of haste.
You feel yourself speed up.
* * * LOW HITPOINT WARNING * * *
You feel very sick. Dowan hits you but does no damage.
You are more poisoned.
You block the kobold's attack.
Okay, then.
You claw Dowan!
You kill Dowan!
You die...

#.##......<..#
..)....####### ##.
#.. #.####.# #.. ..
#.# #.# #.... ..#
##.## #.#.# # ###
#..># #.#.#.## #
#...# #......# #
#...########)K...#
#####.........##@#
#...........#.##.#
.................#
#...........#.###..#
#####.........# .##
#...####### .# #...#
.# #...# .# ##.## ..


You could see a kobold.

Vanquished Creatures
  Duvessa (D:4)
  An ogre (D:4)
  Blork the orc (D:4)
  Dowan (D:4)
  An iguana (D:2)
  Robin (D:2)
  4 gnolls
  2 adders (D:2)
  An ufetubus (D:4)
  4 worms (D:3)
  A dart slug (D:4)
  6 orcs
  6 bats
  6 endoplasms
  2 giant cockroaches
  18 goblins
  13 hobgoblins
  A quokka (D:3)
  8 ball pythons
  3 frilled lizards
  10 kobolds
  8 rats
99 creatures vanquished.

Vanquished Creatures (others)
  A demonic plant (D:1)
1 creature vanquished.

Grand Total: 100 creatures vanquished

Notes
Turn   | Place    | Note
-------+----------+-------------------------------------------
     0 | D:1      | sammy202020 the Troll Fighter began the quest for the Orb.
     0 | D:1      | Reached XP level 1. HP: 22/22 MP: 0/0
   320 | D:1      | Reached XP level 2. HP: 29/29 MP: 1/1
   755 | D:1      | Found a faded altar of an unknown god.
  1023 | D:2      | Noticed Robin
  1048 | D:2      | Reached XP level 3. HP: 16/36 MP: 2/2
  1107 | D:2      | Killed Robin
  1127 | D:2      | Reached XP level 4. HP: 40/44 MP: 3/3
  1222 | D:2      | Found a radiant altar of Vehumet.
  1251 | D:2      | Reached skill level 1 in Maces & Flails
  1295 | D:2      | Reached XP level 5. HP: 39/53 MP: 4/4
  2484 | D:3      | Got the Guide on Congealing Beguiling
  2901 | D:4      | Noticed Blork the orc
  2909 | D:4      | Killed Blork the orc
  2910 | D:4      | Reached XP level 6. HP: 10/61 MP: 5/5
  3323 | D:4      | Noticed Duvessa
  3323 | D:4      | Noticed Dowan
  3331 | D:4      | Killed Duvessa
  3339 | D:4      | HP: 2/61 [poisoned by Dowan]
  3340 | D:4      | Killed Dowan
  3340 | D:4      | Succumbed to Dowan's poison

Illustrated notes

Levels and vault maps discovered:
D:1:      dpeg_chamrin_arrival_tetris, layout_loops_corners,
          ebering_ecumenical_altar_rust, dreamdust_princess_corridor
D:2:      layout_basic, basic_altar, uniq_robin
D:3:      wad_crossroads, layout_basic
D:4:      layout_loops_cross, uniq_duvessa, uniq_crazy_yiuf_cottage,
          uniq_edmund, uniq_blork_the_orc

Skill      XL: |  1  2  3  4  5 |
---------------+----------------+-----
Dodging        | 3 |  3.6
Shields        | 3 |  3.7
Maces & Flails | 1 |  1.9
Fighting       | 3 |  3.6
Unarmed Combat | 3 |  3.8

Action                   |  1- 3 |  4- 6 || total
-------------------------+-------+-------++-------
Melee: Unarmed           |    96 |   158 ||   254
  Use: Potion            |     1 |     1 ||     2
       Scroll            |       |     4 ||     4
Armor: Robe              |    41 |    38 ||    79
Dodge: Dodged            |    31 |    50 ||    81
Block: Kite shield       |    30 |    50 ||    80

Table legend: (Time is in decaauts)
 A = Elapsed time spent in this place.
 B = Non-inter-level travel time spent in this place.
 C = Inter-level travel time spent in this place.
 D = Time resting spent in this place.
 E = Time spent auto-exploring this place.
 F = Levels seen in this place.
 G = Mean time per level.
                   A        B        C        D        E       F      G
               +--------+--------+--------+--------+--------+-----+--------+
         Total |   3360 |   3301 |     59 |    165 |   2412 |   4 |  840.0 |
       Dungeon |   3360 |   3301 |     59 |    165 |   2412 |   4 |  840.0 |
               +--------+--------+--------+--------+--------+-----+--------+

Top non-repeatable levels by time:
     D:1: 1027 daAuts
     D:2: 952 daAuts
     D:3: 855 daAuts
     D:4: 524 daAuts
